 Dungeon Crawl Stone Soup version 0.29.1 (webtiles) character file.

Game seed: 17082871884623019712

15 AttackTheMoon the Sneak (level 2, -1/15 HPs)
             Began as a Spriggan Brigand on Sept 12, 2022.
             Succumbed to a goblin's poison
             ... on level 2 of the Dungeon.
             The game lasted 00:01:17 (932 turns).

AttackTheMoon the Sneak (Spriggan Brigand)           Turns: 932, Time: 00:01:17

Health: -1/15      AC: 11    Str:  7    XL:     2   Next: 34%
Magic:  12/12      EV:  6    Int: 12    God:
Gold:   71         SH:  0    Dex: 16    Spells: 1/1 levels left

rFire   . . .      SeeInvis +   a - +2 dagger
rCold   . . .      Faith    .   (no shield)
rNeg    . . .      Spirit   .   g - +0 storm dragon scales
rPois   .          Reflect  .   (helmet restricted)
rElec   +          Harm     .   c - +0 cloak
rCorr   .          Rampage  .   (gloves unavailable)
Will    .....                   (boots unavailable)
Stlth   ..........              (no amulet)
HPRegen 0.05/turn               f - ring of magical power
MPRegen 0.13/turn               (no ring)

@: lethally poisoned (-1 -> -20), very quick
A: very small, no large weapons, unfitting armour, see invisible, speed 3
a: no special abilities


You were on level 2 of the Dungeon.
You visited 1 branch of the dungeon, and saw 2 of its levels.

You collected 71 gold pieces.

Inventory:

Hand Weapons
 a - a +2 dagger (weapon)
Missiles
 d - 9 poisoned darts (quivered)
 e - 3 curare-tipped darts
Armour
 b - a +0 robe
 c - a +0 cloak (worn)
 g - +0 storm dragon scales (worn)
Jewellery
 f - a ring of magical power (left hand)
Scrolls
 i - a scroll of identify
 j - a scroll of teleportation {unknown}


   Skills:
 + Level 1.7 Fighting
 + Level 2.4 Short Blades
 + Level 2.2 Throwing
 + Level 0.0 Armour
 + Level 1.9 Dodging
 + Level 6.1 Stealth


You had one spell level left.
You didn't know any spells.
Your spell library was empty.

Dungeon Overview and Level Annotations

Branches:
Dungeon (2/15)

Altars:

Shops:
D:1 (


Innate Abilities, Weirdness & Mutations

You are very small and have problems with some larger weapons.
You are too small for most types of armour.
You have supernaturally acute eyesight. (SInv)
You cover ground extremely quickly. (Speed+++)


Message History

The hobgoblin closely misses you. The adder bites you but does no damage.
The ball python bites you. The ball python grabs you.
The ball python constricts you.
You closely miss the ball python. The adder bites you but does no damage.
The hobgoblin hits you but does no damage.
The ball python bites you. The ball python constricts you.
The adder barely misses you.
You barely miss the ball python.
The hobgoblin hits you but does no damage.
The goblin hits you but does no damage.
You are poisoned.
The ball python bites you but does no damage.
The ball python constricts you. The adder bites you but does no damage.
You hit the ball python.
The ball python is severely wounded.
You feel sick. The hobgoblin barely misses you.
The ball python bites you but does no damage.
The ball python constricts you.
The goblin hits you with a +2 dagger of venom.
You are more poisoned.
The adder bites you but does no damage.
You feel much better.
You feel very sick. The ball python barely misses you.
The ball python constricts you. The adder bites you but does no damage.
The hobgoblin barely misses you. The goblin hits you but does no damage.
You are more poisoned.
You escape the ball python's grasp.
You feel very sick. The gnoll hits you with a +0 club.
The hobgoblin hits you but does no damage.
The gnoll barely misses you. The goblin hits you but does no damage.
You are more poisoned.
* * * LOW HITPOINT WARNING * * *
You feel very sick.
* * * LOW HITPOINT WARNING * * *
You feel very sick. The gnoll hits you but does no damage.
The gnoll barely misses you.
You see here a scroll of identify.
You die...

##.#
#.#.........# #
#.........#
#.........#
#.........#
#.........#
#####.........#
#.............#
.............)#
.......@.....##
.......?....##
.....gggS####
.....gg..#
.......S.#
........##
"........
.........#
..........


You could see 3 gnolls, an adder, a hobgoblin, a goblin and a ball python.

Vanquished Creatures
  4 bats
  An endoplasm (D:2)
  A giant cockroach (D:1)
  A goblin (D:2)
  A hobgoblin (D:2)
  A ball python (D:2)
  2 frilled lizards
  3 kobolds
  A rat (D:1)
15 creatures vanquished.

Notes
Turn   | Place    | Note
-------+----------+-------------------------------------------
     0 | D:1      | AttackTheMoon the Spriggan Brigand began the quest for the
                  | Orb.
     0 | D:1      | Reached XP level 1. HP: 10/10 MP: 2/2
   376 | D:1      | Found Xuuropan's Weapon Shop.
   469 | D:1      | Found a faded altar of an unknown god.
   636 | D:1      | Reached skill level 6 in Stealth
   658 | D:2      | Reached XP level 2. HP: 15/15 MP: 3/3
   858 | D:2      | Identified the +1 leather armour of Grot {Str+2 Int+2}
   932 | D:2      | Succumbed to a goblin's poison

Illustrated notes

Levels and vault maps discovered:
D:1:      scummos_arrival_forest, layout_basic, basic_ecumenical_altar,
          serial_shops, nicolae_shop_statue_plus
D:2:      layout_rooms, minmay_box_of_dots

Skill      XL: |  1 |
---------------+----+-----
Stealth        | 6 |  6.1
Fighting       | |  1.7
Short Blades   | |  2.4
Throwing       | |  2.2
Dodging        | |  1.9

Action                   || total
-------------------------++-------
Melee: Dagger            ||    45
  Use: Scroll            ||     2
       Potion            ||     1
 Stab: Sleeping          ||     4
Armor: Robe              ||     7
       Storm dragon scal ||    19
Dodge: Dodged            ||    38
